 Dungeon Crawl Stone Soup version 0.29.1-1-gd02db6906a (webtiles) character file.

Game seed: 15729381101534988471

404 QueenGhuleh the Chopper (level 6, -1/56 HPs)
             Began as a Minotaur Berserker on Oct 5, 2022.
             Was a Believer of Trog.
             Slain by an ogre
             ... wielding a +0 giant club
              (14 damage)
             ... on level 4 of the Dungeon on Oct 6, 2022.
             The game lasted 00:06:57 (3027 turns).

QueenGhuleh the Chopper (Minotaur Berserker)        Turns: 3027, Time: 00:06:57

Health: -1/56      AC:  7    Str: 23    XL:     6   Next: 56%
Magic:  5/5        EV: 10    Int:  4    God:    Trog [**....]
Gold:   140        SH:  0    Dex: 10    Spells: 5/5 levels left

rFire   . . .      SeeInvis .   a - +0 hand axe
rCold   . . .      Faith    .   (no shield)
rNeg    . . .      Spirit   .   l - +0 scale mail
rPois   .          Reflect  .   (helmet restricted)
rElec   .          Harm     .   (no cloak)
rCorr   .          Rampage  .   (no gloves)
Will    +....                   (no boots)
Stlth   ..........              (no amulet)
HPRegen 0.18/turn               d - ring of willpower
MPRegen 0.09/turn               (no ring)

@: on berserk cooldown, slowed, very slow
A: horns 2, retaliatory headbutt
a: Renounce Religion, Berserk, Trog's Hand


You were on level 4 of the Dungeon.
You worshipped Trog.
Trog was pleased with you.
You visited 1 branch of the dungeon, and saw 4 of its levels.

You collected 140 gold pieces.

Inventory:

Hand Weapons
 a - a +0 hand axe (weapon)
Armour
 b - a +0 animal skin
 l - a +0 scale mail (worn)
Jewellery
 d - a ring of willpower (left hand)
 o - a ring of positive energy
Wands
 q - a wand of light (9)
Scrolls
 c - 4 scrolls of identify {unknown}
 e - a scroll of acquirement {unknown}
 f - 2 scrolls of enchant weapon {unknown}
 g - a scroll of blinking {unknown}
 p - a scroll of immolation {unknown}
Potions
 h - 3 potions of heal wounds {unknown}
 i - a potion of curing {unknown}
 j - a potion of might {unknown}
 k - a potion of haste {unknown}
 m - a potion of cancellation {unknown}
 n - 2 potions of brilliance {unknown}
 r - a potion of degeneration {unknown}


   Skills:
 + Level 5.1 Fighting
 + Level 6.8 Axes
 + Level 4.2 Armour
 + Level 3.0 Dodging
 + Level 0.2 Stealth


You had 5 spell levels left.
You didn't know any spells.
Your spell library was empty.

Dungeon Overview and Level Annotations

Branches:
Dungeon (4/15)
 Temple: D:4-7

Altars:


Innate Abilities, Weirdness & Mutations

You have a pair of horns on your head.
You reflexively headbutt those who attack you in melee.


Message History

Unknown command.
No reachable target in view!
No reachable target in view!
You see here a +0 club.
You feel a strong urge to attack something.
You are no longer berserk.
You are exhausted.
You feel yourself slow down.
You see here 18 gold pieces.
There is an open door here.
No reachable target in view!
No reachable target in view!
Found a scroll labelled QOBOST UGESK.
As you open the door, it creaks loudly!
There is an open door here.
The worm bites you.
You hit the worm.
The worm is moderately wounded.
The worm bites you but does no damage.
You completely miss the worm. You headbutt the worm!
The worm is severely wounded.
The worm bites you!
You hit the worm.
The worm is severely wounded.
The worm barely misses you.
You hit the worm.
You kill the worm!
Trog accepts your kill. The ogre barely misses you.
You hit the ogre.
The ogre is lightly wounded.
The ogre hits you with a +0 giant club!!
You hit the ogre but do no damage.
The ogre is lightly wounded.
The ogre hits you with a +0 giant club!
* * * LOW HITPOINT WARNING * * *
You closely miss the ogre. You headbutt the ogre.
The ogre is moderately wounded.
The ogre hits you with a +0 giant club!
You die...

#..##)(.##......#.#.#.#.#
.#.#...))†.####..#.#.#.#.
#..#.(..)###.)##..#.#.#..
.#.#..[.$##..?.#...#.#.#.
#..##..$'#+....#..#.#.#..
.#..#####.##..##.#.#.#[##
#.#...!.#'###'#..)#.#.#..
.#.#...##.##.....#.#.#.#.
#.#.#..O@..#..#.#.#.#.#..
.#.#.#.##(##.#.#.#.#.#.##
#.#.#...###...#.#)#.#.#..
.#.#.#.......#.#.#.#.#.##
#?#.#.#.#.#.#.#.#.#.#.#
#.#.#.#.#.#.#.#.#(#.#.##
. .#.# # # #.#.#.#.....#
## ###.####...## .# ...#


You could see an ogre.

Vanquished Creatures
  A centaur (D:4)
  A scorpion (D:4)
  A hound (D:4)
  Ijyb (D:4)
  An iguana (D:4)
  3 gnolls (D:2)
  7 adders
  4 worms
  A dart slug (D:4)
  2 orcs (D:3)
  4 bats
  9 endoplasms
  3 giant cockroaches
  5 goblins
  9 hobgoblins
  13 jackals
  4 kobolds
  A quokka (D:3)
  4 ball pythons
  2 frilled lizards (D:3)
  6 rats
82 creatures vanquished.

Vanquished Creatures (others)
  17 plants (D:2)
17 creatures vanquished.

Grand Total: 99 creatures vanquished

Notes
Turn   | Place    | Note
-------+----------+-------------------------------------------
     0 | D:1      | QueenGhuleh the Minotaur Berserker began the quest for the
                  | Orb.
     0 | D:1      | Reached XP level 1. HP: 19/19 MP: 0/0
   189 | D:1      | Found a faded altar of an unknown god.
   310 | D:1      | Reached skill level 4 in Axes
   466 | D:1      | Reached XP level 2. HP: 27/27 MP: 1/1
   718 | D:2      | Reached XP level 3. HP: 30/33 MP: 2/2
   919 | D:2      | Reached XP level 4. HP: 16/41 MP: 3/3
  1025 | D:2      | Reached skill level 5 in Axes
  1416 | D:2      | Reached ** piety under Trog
  2237 | D:3      | Reached XP level 5. HP: 34/47 MP: 4/4
  2707 | D:4      | Noticed Ijyb
  2720 | D:4      | Killed Ijyb
  2744 | D:4      | Noticed an ogre
  2930 | D:4      | Noticed a centaur
  2936 | D:4      | Killed a centaur
  2937 | D:4      | Reached skill level 5 in Fighting
  2937 | D:4      | Reached skill level 6 in Axes
  2997 | D:4      | Reached XP level 6. HP: 56/56 MP: 5/5
  3027 | D:4      | Slain by an ogre

Illustrated notes

Levels and vault maps discovered:
D:1:      saegor_arrival_simple_c, layout_rooms,
          chequers_ecumenical_altar_island
D:2:      layout_basic, serial_bayou_lagoon_a
D:3:      layout_basic, st_stairs_12, grunt_ministairs_13,
          hangedman_decor_opposing, minmay_puff
D:4:      minmay_clustersquares, layout_basic, serial_shops, shop,
          minmay_joined_circles, uniq_ijyb, uniq_blork_the_orc

Skill      XL: |  1  2  3  4  5  6 |
---------------+-------------------+-----
Axes           | 4 5 6 |  6.8
Fighting       | 4 5 |  5.1
Armour         | 3 4 |  4.2
Dodging        | 3 |  3.0
Stealth        | |  0.2

Action                   |  1- 3 |  4- 6 || total
-------------------------+-------+-------++-------
Melee: Hand axe          |    54 |   144 ||   198
       Headbutt          |     9 |    25 ||    34
       Punch             |       |     2 ||     2
Invok: Berserk           |     1 |     1 ||     2
Armor: Animal skin       |     4 |       ||     4
       Scale mail        |     4 |    41 ||    45
Dodge: Dodged            |    42 |    72 ||   114
